 Dungeon Crawl Stone Soup version 0.28.0-45-g0d030f2227 (webtiles) character file.

Game seed: 10811707142938883362

7 101zpm the Skirmisher (level 2, -6/19 HPs)
             Began as a Gargoyle Fighter on Apr 9, 2022.
             Mangled by an ogre
             ... wielding a +0 giant spiked club
              (7 damage)
             ... on level 6 of the Dungeon.
             The game lasted 00:02:39 (732 turns).

101zpm the Skirmisher (Gargoyle Fighter)             Turns: 732, Time: 00:02:41

Health: -6/19      AC:  9    Str: 19    XL:     2   Next: 0%
Magic:  2/2        EV:  9    Int:  8    God:
Gold:   30         SH:  4    Dex:  9    Spells: 1/1 levels left

rFire   . . .      SeeInvis .   a - +0 flail
rCold   . . .      Faith    .   c - +0 buckler
rNeg    + . .      Spirit   .   b - +0 scale mail
rPois   ∞          Reflect  .   (no helmet)
rElec   +          Harm     .   (no cloak)
rCorr   .          Rampage  .   (no gloves)
Will    .....                   (no boots)
Stlth   ..........              (no amulet)
HPRegen 0.06/turn               (no ring)
MPRegen 0.08/turn               (no ring)

@: no status effects
A: sickness immunity, AC +2, negative energy resistance 1, electricity
resistance, torment resistance 1, petrification resistance
a: no special abilities


You were on level 6 of the Dungeon.
You visited 1 branch of the dungeon, and saw 8 of its levels.

You collected 30 gold pieces.

Inventory:

Hand Weapons
 a - a +0 flail (weapon)
 e - a +1 hunting sling of freezing
Armour
 b - a +0 scale mail (worn)
 c - a +0 buckler (worn)
Wands
 f - a wand of polymorph (5)
Potions
 d - a potion of might


   Skills:
 + Level 3.4 Fighting
 + Level 2.0 Maces & Flails
 + Level 3.4 Armour
 + Level 3.4 Shields


You had one spell level left.
You didn't know any spells.
Your spell library was empty.

Dungeon Overview and Level Annotations

Branches:
Dungeon (8/15)             Temple (0/1) D:6
   Lair: D:8-11

Altars:
Ru


Innate Abilities, Weirdness & Mutations

You are immune to sickness and miasma.
Your stone body is resilient. (AC +2)
You are immune to poison.
You resist negative energy. (rN+)
You are resistant to electric shocks. (rElec)
You are resistant to unholy torment.
You are immune to petrification.


Message History

The centaur zombie hits you.
* * * LOW HITPOINT WARNING * * *
You block the centaur zombie's attack.
You climb upwards.
Found 18 gold pieces.
There is a stone staircase leading down here.
You start resting.
An ogre comes into view. It is wielding a +0 giant spiked club.
Found a curved glass wand.
Found a staircase to the Ecumenical Temple.
Found a scroll labelled ODOOSU HEQARPH.
f - a wand of polymorph (5)
Found 7 gold pieces.
An ogre comes into view. It is wielding a +0 giant club.
The ogre shouts!
The ogre moves out of view.
There is a staircase to the Ecumenical Temple here.
You can't go up here!
Found a yellow potion.
The ogre shouts!
Found a sacrificial altar of Ru.
The ogre hits you with a +0 giant spiked club.
* * * LOW HITPOINT WARNING * * *
Found a worn fluorescent wand.
Found a stone staircase leading down.
A sky beast comes into view.
Found 13 gold pieces and a quarterstaff.
The ogre barely misses you.
Found 15 stones.
Found 12 stones.
An ufetubus comes into view.
The ufetubus shouts!
The ufetubus closely misses you. The ufetubus barely misses you.
You closely miss the ufetubus. The ufetubus closely misses you.
The ufetubus barely misses you. The ufetubus hits you.
* * * LOW HITPOINT WARNING * * *
The ufetubus hits you.
* * * LOW HITPOINT WARNING * * *
The ogre hits you with a +0 giant spiked club!
You die...

#Y#.####.### #.#
#O#.#......
#.###
#.#.#.##.##.#.#
#.#.#$#...#.#.##
#..Y...._....((.
###.#.#Y..#.#.#
#.#.##O##.#.#
#.#.......#5#
#)####.####@#
#......Y.OO.#
######^######
#.# ..# #### ###
... ######


You could see a sky beast, 2 ogres and an ufetubus.

Vanquished Creatures
  An ufetubus (D:6)
  A hobgoblin (D:3)
2 creatures vanquished.

Notes
Turn   | Place    | Note
-------+----------+-------------------------------------------
     0 | D:1      | 101zpm the Gargoyle Fighter began the quest for the Orb.
     0 | D:1      | Reached XP level 1. HP: 14/14 MP: 1/1
    96 | D:5      | Entered Level 5 of the Dungeon
   139 | D:6      | Reached XP level 2. HP: 9/19 MP: 2/2
   641 | D:7      | Noticed a kobold demonologist
   658 | D:7      | Noticed an orange demon
   664 | D:6      | Noticed an ogre
   675 | D:6      | Found a staircase to the Ecumenical Temple.
   682 | D:6      | Noticed an ogre
   703 | D:6      | Found a sacrificial altar of Ru.
   711 | D:6      | Noticed a sky beast
   732 | D:6      | Mangled by an ogre

Illustrated notes

Levels and vault maps discovered:
D:1:      dpeg_arrival_refuge, layout_loops_ring
D:2:      layout_basic, shapermc_ecumenical_altar_venn, palyth_stone_intersect
D:3:      layout_basic, minmay_quadrilaterals
D:4:      layout_basic, kennysheep_generic_room_2
D:5:      layout_basic, nicolae_tso_besieged_by_evil, uniq_blork_the_orc,
          uniq_ijyb
D:6:      layout_loops_ring, nicolae_ru_sacrificial_ziggurat,
          minmay_temple_entry_large_hall
D:7:      layout_cave_pools, mainiacjoe_overflow_catwalk_spiral
D:8:      layout_loops_ring, nicolae_shop_self_help

Action                   || total
-------------------------++-------
Melee: Flail             ||    18
  Use: Scroll            ||     1
Armor: Scale mail        ||    31
Dodge: Dodged            ||    27
Block: Buckler           ||     8
